[Event "106th British-ch 2019"]
[Site "Torquay"]
[Date "2019.08.01"]
[Round "6.24"]
[White "Longson, Sarah N"]
[Black "Ogunshola, Olugbemiga (Ben)"]
[Result "0-1"]
[ECO "B06"]
[WhiteElo "2095"]
[BlackElo "2172"]
[Annotator "NA"]
[PlyCount "64"]
[EventDate "2019.07.27"]
[EventType "swiss"]
[EventCountry "GBR"]
[SourceTitle "playchess.com"]
[Source "ChessBase"]
[SourceQuality "1"]
[TimeControl "40/5400+30:1800+30"]

1. e4 d6 2. d4 g6 3. Nc3 Bg7 4. Be3 a6 5. f3 Nd7 6. Qd2 b5 7. h4 Ngf6 8. O-O-O Bb7 9. g4 h6 10. Bh3 c6 11. g5 hxg5 12. hxg5 Ng8 13. Bxd7+ Qxd7 14. Rxh8 Bxh8 15. Qh2 Bg7 16. Qh7 Kf8 17. Nh3 d5 18. Nf2 b4 19. Na4 dxe4 20. fxe4 Rd8 21. Nc5 Qc7 22. Ng4 Bc8 23. Nh6 Nxh6 24. gxh6 Bf6 25. Rf1 Qg3 26. Kd2 Bg4 27. Nd3 Qg2+ 28. Rf2 Qxe4 29. Rxf6 exf6 30. Qg7+ Ke7 31. Nf2 Rxd4+ 32. Bxd4 Qe2+ 0-1

[Event "106th British-ch 2019"]
[Site "Torquay"]
[Date "2019.08.01"]
[Round "6.25"]
[White "Ledger, Dave J"]
[Black "Jaufarally, Nadia"]
[Result "1/2-1/2"]
[ECO "B38"]
[WhiteElo "2168"]
[BlackElo "1944"]
[Annotator "NA"]
[PlyCount "86"]
[EventDate "2019.07.27"]
[EventType "swiss"]
[EventCountry "GBR"]
[SourceTitle "playchess.com"]
[Source "ChessBase"]
[SourceQuality "1"]
[TimeControl "40/5400+30:1800+30"]

1. e4 c5 2. Nf3 g6 3. d4 cxd4 4. Nxd4 Nc6 5. c4 Bg7 6. Be3 d6 7. Nc3 Qb6 8. Nb3 Bxc3+ 9. bxc3 Qc7 10. c5 dxc5 11. Bxc5 Nf6 12. f3 O-O 13. Be2 Nh5 14. O-O Nf4 15. Re1 Qe5 16. Qc1 Qg5 17. g3 Nxe2+ 18. Rxe2 Qh5 19. Qf4 Be6 20. g4 Qe5 21. Qxe5 Nxe5 22. Kg2 Nd3 23. Bxe7 Nf4+ 24. Kf2 Rfe8 25. Bf6 Nxe2 26. Kxe2 Bc4+ 27. Kd2 Re6 28. g5 Ra6 29. Kc2 Rc8 30. Kb2 Rcc6 31. Bd4 Bxb3 32. Kxb3 Ra5 33. h4 Rb5+ 34. Kc2 Rb4 35. Kd3 Rb2 36. Bxa7 Ra6 37. Bd4 Raxa2 38. Rd1 b5 39. Be5 Rf2 40. Ke3 Rfe2+ 41. Kf4 Red2 42. Rb1 Rab2 43. Ra1 Ra2 1/2-1/2

[Event "106th British-ch 2019"]
[Site "Torquay"]
[Date "2019.08.01"]
[Round "6.26"]
[White "Starley, Robert"]
[Black "Villiers, Thomas"]
[Result "0-1"]
[ECO "C02"]
[WhiteElo "2058"]
[BlackElo "2218"]
[Annotator "NA"]
[PlyCount "140"]
[EventDate "2019.07.27"]
[EventType "swiss"]
[EventCountry "GBR"]
[SourceTitle "playchess.com"]
[Source "ChessBase"]
[SourceQuality "1"]
[TimeControl "40/5400+30:1800+30"]

1. e4 e6 2. d4 d5 3. e5 c5 4. c3 Qb6 5. Nf3 Bd7 6. Be2 Bb5 7. O-O Nd7 8. Be3 Bxe2 9. Qxe2 c4 10. Qc2 Ne7 11. Nbd2 Nc6 12. b3 cxb3 13. axb3 Be7 14. Qd3 O-O 15. Bg5 Qd8 16. Bxe7 Qxe7 17. Rfe1 a6 18. Nf1 b5 19. Ne3 Rfb8 20. b4 a5 21. bxa5 Nxa5 22. Nc2 Nc4 23. Nb4 Qe8 24. Ng5 Nf8 25. g3 Rxa1 26. Rxa1 Ra8 27. Rxa8 Qxa8 28. Qf3 Qa7 29. Qd3 Qa3 30. Kg2 Qc1 31. Nf3 h6 32. Qc2 Qa1 33. Nd3 Nd7 34. Nd2 Nxd2 35. Qxd2 Nb6 36. Qb2 Qa4 37. Nc5 Qc4 38. h4 Na4 39. Nxa4 bxa4 40. Qb8+ Kh7 41. Qb1+ g6 42. Qb7 Kg7 43. Qe7 Qc8 44. Qa7 Qe8 45. Kh2 Qb5 46. Qe7 Qb8 47. Kg2 Qa8 48. Qa3 h5 49. Kh2 Qa7 50. Kg2 Qa6 51. Qe7 Qa8 52. Qa3 Kg8 53. Kh2 Qa6 54. Kg2 Kg7 55. Qe7 Qd3 56. Qf6+ Kg8 57. Qd8+ Kh7 58. Qd7 Qe4+ 59. Kg1 Kg7 60. Qxa4 Qe1+ 61. Kg2 Qxc3 62. Qa7 Qd2 63. Qc5 g5 64. hxg5 Qxg5 65. Qc3 h4 66. Qf3 hxg3 67. Qxg3 Kh6 68. Qxg5+ Kxg5 69. Kg3 Kf5 70. Kf3 Kg5 0-1

[Event "106th British-ch 2019"]
[Site "Torquay"]
[Date "2019.08.01"]
[Round "6.27"]
[White "Kahn, Tito"]
[Black "Donaldson, Thomas"]
[Result "1/2-1/2"]
[ECO "A45"]
[WhiteElo "1921"]
[BlackElo "2065"]
[Annotator "NA"]
[PlyCount "179"]
[EventDate "2019.07.27"]
[EventType "swiss"]
[EventCountry "GBR"]
[SourceTitle "playchess.com"]
[Source "ChessBase"]
[SourceQuality "1"]
[TimeControl "40/5400+30:1800+30"]

1. d4 Nf6 2. Bf4 g6 3. Nc3 d5 4. e3 Bg7 5. h4 h5 6. Nf3 O-O 7. Be2 c5 8. Nb5 Nc6 9. Ne5 Nd7 10. g4 Ndxe5 11. dxe5 Bxg4 12. Bxg4 Qa5+ 13. Nc3 hxg4 14. Qxd5 Qb4 15. O-O-O Rfd8 16. Qe4 Nxe5 17. Qxb4 Rxd1+ 18. Rxd1 cxb4 19. Nd5 Nc6 20. Nc7 Rd8 21. Nd5 Kf8 22. Rd3 a5 23. Bc7 Rd7 24. Bb6 Ne5 25. Rd1 Nc4 26. Bd4 Bxd4 27. Rxd4 b5 28. b3 Ne5 29. c4 bxc4 30. bxc4 Nxc4 31. Rxc4 Rxd5 32. Rxg4 Rf5 33. f4 e5 34. fxe5 Rxe5 35. Kd2 Ke7 36. Rc4 Rd5+ 37. Kc2 Kd6 38. Rf4 f5 39. a3 bxa3 40. Ra4 Ke5 41. Kc3 Rb5 42. Rxa3 Ke4 43. Kc2 Kf3 44. Kd3 Re5 45. Kd2 Kg4 46. Ra4+ Re4 47. Rxa5 Kxh4 48. Ke2 Kg3 49. Ra6 g5 50. Ra5 Kg4 51. Kf2 Rb4 52. Re5 Rb2+ 53. Kf1 Rh2 54. Kg1 Rh3 55. Kg2 Rf3 56. Re8 Rg3+ 57. Kf2 Rh3 58. Kg2 Rh7 59. Re5 Rf7 60. Kf2 Rf6 61. Re8 Kh5 62. Re7 g4 63. Re8 Kg5 64. Rg8+ Rg6 65. Rf8 Rh6 66. Rg8+ Kf6 67. Rf8+ Ke6 68. Re8+ Kf7 69. Re5 Kf6 70. Re8 Rh3 71. Rf8+ Ke6 72. Re8+ Kf7 73. Re5 Rf3+ 74. Kg2 Kf6 75. Re8 Rh3 76. Kf2 Rh7 77. Rf8+ Rf7 78. Re8 Re7 79. Rf8+ Ke5 80. Ra8 Rd7 81. Re8+ Kd5 82. Rf8 Ke4 83. Re8+ Kd3 84. Re5 Rf7 85. Kg3 Ke2 86. Kg2 Rf8 87. Kg3 Kf1 88. Ra5 Rf6 89. Re5 Rf7 90. Ra5 1/2-1/2

[Event "106th British-ch 2019"]
[Site "Torquay"]
[Date "2019.08.02"]
[Round "7.2"]
[White "Palliser, Richard Jd"]
[Black "Gordon, Stephen J"]
[Result "1/2-1/2"]
[ECO "E36"]
[WhiteElo "2399"]
[BlackElo "2516"]
[Annotator "ChessBase"]
[PlyCount "90"]
[EventDate "2019.07.27"]
[EventType "swiss"]
[EventCountry "GBR"]
[SourceTitle "playchess.com"]
[Source "ChessBase"]
[SourceQuality "1"]
[TimeControl "40/5400+30:1800+30"]

1. d4 Nf6 2. c4 e6 3. Nc3 Bb4 4. Qc2 O-O 5. a3 Bxc3+ 6. Qxc3 d5 7. Nf3 dxc4 8. Qxc4 b6 9. Bg5 Ba6 10. Qc2 Nbd7 11. Ne5 c5 12. Nxd7 Qxd7 13. Bxf6 gxf6 14. dxc5 Rac8 15. Rd1 Qc6 16. e3 Bxf1 17. Kxf1 Qb5+ 18. Qe2 Qxc5 19. f3 Qh5 20. h4 b5 21. g3 Kh8 22. Kf2 Rg8 23. Rd4 Rc5 24. Qd3 Qe5 25. f4 Qh5 26. Rd8 Rxd8 27. Qxd8+ Kg7 28. Qd2 Qf5 29. g4 Rc2 30. gxf5 Rxd2+ 31. Kf3 exf5 32. Rg1+ Kf8 33. Rg2 Rxg2 34. Kxg2 Ke7 35. Kf3 Kd6 36. Ke2 Kc5 37. Kd3 Kd5 38. h5 a5 39. b3 Kc5 40. h6 Kd5 41. b4 axb4 42. axb4 Kc6 43. Kc3 Kd5 44. Kd3 Kc6 45. Kc3 Kd5 1/2-1/2

[Event "106th British-ch 2019"]
[Site "Torquay"]
[Date "2019.08.02"]
[Round "7.3"]
[White "Emms, John M"]
[Black "Tan, Justin Hy"]
[Result "1/2-1/2"]
[ECO "C78"]
[WhiteElo "2481"]
[BlackElo "2513"]
[Annotator "ChessBase"]
[PlyCount "89"]
[EventDate "2019.07.27"]
[EventType "swiss"]
[EventCountry "GBR"]
[SourceTitle "playchess.com"]
[Source "ChessBase"]
[SourceQuality "1"]
[TimeControl "40/5400+30:1800+30"]

1. e4 e5 2. Nf3 Nc6 3. Bb5 a6 4. Ba4 Nf6 5. O-O b5 6. Bb3 Bc5 7. d3 d6 8. c3 h6 9. Re1 O-O 10. h3 Bb6 11. Nbd2 Ne7 12. Nf1 Ng6 13. Ng3 Re8 14. Be3 Bxe3 15. fxe3 Bb7 16. Rf1 d5 17. Nd2 Re6 18. Qf3 c5 19. exd5 Bxd5 20. Bxd5 Qxd5 21. Nde4 Rd8 22. Nxf6+ Rxf6 23. Qxd5 Rxf1+ 24. Kxf1 Rxd5 25. Ke2 Nh4 26. Ne4 c4 27. dxc4 bxc4 28. g3 Nf5 29. g4 Nd6 30. Nxd6 Rxd6 31. b3 Rd3 32. Rc1 e4 33. bxc4 Kf8 34. Rc2 Ke7 35. c5 h5 36. c4 hxg4 37. hxg4 Ra3 38. Rd2 Ra4 39. Rd4 Rxa2+ 40. Kd1 Ra5 41. Rxe4+ Kd7 42. Rf4 f6 43. g5 fxg5 44. Rf5 Kc6 45. Rxg5 1/2-1/2

[Event "106th British-ch 2019"]
[Site "Torquay"]
[Date "2019.08.02"]
[Round "7.4"]
[White "Pert, Richard G"]
[Black "Pert, Nicholas"]
[Result "1-0"]
[ECO "D15"]
[WhiteElo "2430"]
[BlackElo "2563"]
[Annotator "ChessBase"]
[PlyCount "81"]
[EventDate "2019.07.27"]
[EventType "swiss"]
[EventCountry "GBR"]
[SourceTitle "playchess.com"]
[Source "ChessBase"]
[SourceQuality "1"]
[TimeControl "40/5400+30:1800+30"]

1. d4 d5 2. c4 c6 3. Nc3 Nf6 4. Nf3 dxc4 5. e4 b5 6. Be2 e6 7. O-O Bb7 8. b3 Bb4 9. e5 Bxc3 10. exf6 gxf6 11. Rb1 c5 12. bxc4 Bxd4 13. Rxb5 Bc6 14. Rb3 Rg8 15. g3 Na6 16. Nxd4 cxd4 17. Bf3 Rc8 18. Bxc6+ Rxc6 19. Qh5 f5 20. Qxh7 Rf8 21. Bh6 Qf6 22. Bxf8 Kxf8 23. Rb7 Rxc4 24. Rxa7 Nc7 25. Rb1 f4 26. Rab7 Ke7 27. Rb8 e5 28. Qg8 Rc6 29. Qd8+ Ke6 30. Qxf6+ Kxf6 31. R8b6 Rxb6 32. Rxb6+ Kf5 33. gxf4 Nd5 34. Rb2 Kxf4 35. a4 e4 36. a5 d3 37. a6 f5 38. a7 Nc7 39. Kg2 Ke5 40. Kf1 f4 41. Rb7 1-0

[Event "106th British-ch 2019"]
[Site "Torquay"]
[Date "2019.08.02"]
[Round "7.5"]
[White "Williams, Simon K"]
[Black "Houska, Jovanka"]
[Result "1/2-1/2"]
[ECO "D37"]
[WhiteElo "2468"]
[BlackElo "2422"]
[Annotator "ChessBase"]
[PlyCount "82"]
[EventDate "2019.07.27"]
[EventType "swiss"]
[EventCountry "GBR"]
[SourceTitle "playchess.com"]
[Source "ChessBase"]
[SourceQuality "1"]
[TimeControl "40/5400+30:1800+30"]

1. d4 d5 2. c4 e6 3. Nf3 Nf6 4. Nc3 Nbd7 5. Bf4 dxc4 6. e4 Bb4 7. Qc2 c5 8. O-O-O Bxc3 9. Qxc3 Nxe4 10. Qc2 Ndf6 11. g4 cxd4 12. Rxd4 Qa5 13. g5 Nxg5 14. Bxg5 Bd7 15. Rxc4 Qxa2 16. Bg2 Nd5 17. Ne5 Qa1+ 18. Kd2 Qa5+ 19. b4 Nxb4 20. Qc3 Qa2+ 21. Ke3 Nd5+ 22. Bxd5 exd5 23. Qb4 f6 24. Rc7 d4+ 25. Qxd4 Qb3+ 26. Nd3 Qe6+ 27. Kd2 Qa2+ 28. Kc1 Qa3+ 29. Kb1 Qb3+ 30. Kc1 Qa3+ 31. Kd1 Qa4+ 32. Qxa4 Bxa4+ 33. Kd2 fxg5 34. Re1+ Kd8 35. Ree7 Re8 36. Rxg7 Rc8 37. Rxb7 Rc2+ 38. Kd1 Rc7+ 39. Kd2 Rc2+ 40. Kd1 Rc4+ 41. Kd2 Rc2+ 1/2-1/2

[Event "106th British-ch 2019"]
[Site "Torquay"]
[Date "2019.08.02"]
[Round "7.6"]
[White "Wadsworth, Matthew J"]
[Black "Fernandez, Daniel Howard"]
[Result "1/2-1/2"]
[ECO "A16"]
[WhiteElo "2418"]
[BlackElo "2466"]
[Annotator "ChessBase"]
[PlyCount "122"]
[EventDate "2019.07.27"]
[EventType "swiss"]
[EventCountry "GBR"]
[SourceTitle "playchess.com"]
[Source "ChessBase"]
[SourceQuality "1"]
[TimeControl "40/5400+30:1800+30"]

1. Nf3 d6 2. c4 g6 3. g3 Bg7 4. Bg2 Nf6 5. O-O O-O 6. Nc3 a6 7. Rb1 c6 8. b4 d5 9. c5 b5 10. cxb6 Nbd7 11. a4 Qxb6 12. a5 Qc7 13. d4 e5 14. Na4 Ne4 15. dxe5 Nxe5 16. Bf4 Rb8 17. Qc1 Re8 18. Nd4 Bd7 19. Bxe4 dxe4 20. Nc5 Qa7 21. Rd1 Rbc8 22. Nxe4 Nd3 23. exd3 Bxd4 24. Be3 Red8 25. Bxd4 Qxd4 26. Qb2 Qxb2 27. Rxb2 Be6 28. Nc5 Bc4 29. Rbd2 Bb5 30. d4 Kg7 31. f3 Rd5 32. Ne4 Rb8 33. Nc3 Rd6 34. Rb1 Bc4 35. Kf2 Rbd8 36. Rbd1 Bb3 37. Rb1 Bc4 38. h4 h6 39. Rc1 g5 40. hxg5 hxg5 41. Rh1 f5 42. Ne2 Rb8 43. Rb2 Re8 44. Rd2 Rde6 45. Nc3 Rb8 46. Rb2 Rd6 47. Ne2 Bb5 48. Nc3 Rxd4 49. Nxb5 Rxb5 50. Rc1 Rd6 51. Rc4 Kf6 52. Rbc2 Ke6 53. Rxc6 Rxb4 54. Re2+ Kd5 55. Rxd6+ Kxd6 56. Re8 Rb2+ 57. Ke3 Rg2 58. Ra8 Rxg3 59. Kf2 Rh3 60. Rxa6+ Ke5 61. Rb6 g4 1/2-1/2

[Event "106th British-ch 2019"]
[Site "Torquay"]
[Date "2019.08.02"]
[Round "7.7"]
[White "Lane, Gary W"]
[Black "Haria, Ravi"]
[Result "0-1"]
[ECO "C03"]
[WhiteElo "2364"]
[BlackElo "2430"]
[Annotator "NA"]
[PlyCount "76"]
[EventDate "2019.07.27"]
[EventType "swiss"]
[EventCountry "GBR"]
[SourceTitle "playchess.com"]
[Source "ChessBase"]
[SourceQuality "1"]
[TimeControl "40/5400+30:1800+30"]

1. e4 e6 2. d4 d5 3. Nd2 h6 4. Bd3 c5 5. c3 cxd4 6. cxd4 Nc6 7. Ngf3 dxe4 8. Nxe4 Nf6 9. O-O Be7 10. a3 O-O 11. Re1 Nxd4 12. Ne5 Nd7 13. Bf4 Nxe5 14. Bxe5 Nc6 15. Bc3 Qd5 16. Re3 f5 17. Nd2 Bg5 18. Rg3 Ne5 19. Qe2 Bf4 20. Rh3 Rd8 21. Bc2 Bd7 22. Bb3 Qc5 23. Nf3 Bb5 24. Bxe6+ Kh8 25. Qc2 Bd3 26. Qb3 Ng4 27. Be1 Be4 28. Nh4 Kh7 29. Bf7 Rd6 30. Nf3 Rad8 31. Rh4 Bc2 32. Qc3 Qxc3 33. bxc3 g5 34. Rh3 Rd1 35. Ra2 Ne5 36. Rxc2 Nxf3+ 37. gxf3 Rxe1+ 38. Kg2 Rdd1 0-1

[Event "106th British-ch 2019"]
[Site "Torquay"]
[Date "2019.08.02"]
[Round "7.8"]
[White "Bradbury, Neil H"]
[Black "Arkell, Keith C"]
[Result "0-1"]
[ECO "E11"]
[WhiteElo "2322"]
[BlackElo "2461"]
[Annotator "ChessBase"]
[PlyCount "78"]
[EventDate "2019.07.27"]
[EventType "swiss"]
[EventCountry "GBR"]
[SourceTitle "playchess.com"]
[Source "ChessBase"]
[SourceQuality "1"]
[TimeControl "40/5400+30:1800+30"]

1. d4 Nf6 2. c4 e6 3. Nf3 Bb4+ 4. Nbd2 d5 5. Qa4+ Nc6 6. e3 O-O 7. a3 Bxd2+ 8. Bxd2 Ne4 9. Qc2 Nxd2 10. Qxd2 a5 11. b3 Qe7 12. Qb2 Bd7 13. Be2 f6 14. O-O Be8 15. Nd2 Bf7 16. Bf3 Rfd8 17. cxd5 exd5 18. Rfc1 Qd6 19. Qc3 h5 20. Qc5 Rdc8 21. h4 Qxc5 22. Rxc5 Ne7 23. Rac1 c6 24. g3 Kf8 25. R5c3 Ke8 26. e4 Rd8 27. Re1 Kf8 28. exd5 Nxd5 29. Rc5 Ne7 30. Nc4 b5 31. Ne3 Rxd4 32. Bxc6 Nxc6 33. Rxc6 Bxb3 34. Rc5 b4 35. axb4 a4 36. b5 a3 37. Rc3 Rb4 38. Ra1 a2 39. Kg2 Rxb5 0-1

[Event "106th British-ch 2019"]
[Site "Torquay"]
[Date "2019.08.02"]
[Round "7.9"]
[White "Ward, Chris G"]
[Black "Derakhshani, Borna"]
[Result "0-1"]
[ECO "D70"]
[WhiteElo "2418"]
[BlackElo "2300"]
[Annotator "NA"]
[PlyCount "65"]
[EventDate "2019.07.27"]
[EventType "swiss"]
[EventCountry "GBR"]
[SourceTitle "playchess.com"]
[Source "ChessBase"]
[SourceQuality "1"]
[TimeControl "40/5400+30:1800+30"]

1. d4 Nf6 2. c4 g6 3. f3 d5 4. cxd5 Nxd5 5. e4 Nb6 6. a4 a5 7. Nc3 Bg7 8. Be3 Nc6 9. Bb5 O-O 10. Nge2 Nb4 11. b3 c6 12. Bc4 e5 13. d5 cxd5 14. Bxb6 Qxb6 15. Nxd5 Nxd5 16. Bxd5 Rd8 17. Qd3 Be6 18. Rd1 Rac8 19. g4 h5 20. gxh5 Bf8 21. hxg6 Bb4+ 22. Rd2 Bxd5 23. exd5 Qxg6 24. Kf2 Qb6+ 25. Kf1 Bxd2 26. Rg1+ Kf8 27. Qxd2 Qf6 28. Rg3 Rc5 29. Nc3 Qf4 30. Qe1 Rdc8 31. Ne2 Qe3 32. f4 Qe4 33. fxe5 0-1

[Event "106th British-ch 2019"]
[Site "Torquay"]
[Date "2019.08.02"]
[Round "7.10"]
[White "Toma, Katarzyna"]
[Black "Eggleston, David J"]
[Result "0-1"]
[ECO "C11"]
[WhiteElo "2229"]
[BlackElo "2399"]
[Annotator "NA"]
[PlyCount "78"]
[EventDate "2019.07.27"]
[EventType "swiss"]
[EventCountry "GBR"]
[SourceTitle "playchess.com"]
[Source "ChessBase"]
[SourceQuality "1"]
[TimeControl "40/5400+30:1800+30"]

1. e4 e6 2. d4 d5 3. Nc3 Nf6 4. e5 Nfd7 5. Nce2 c5 6. c3 cxd4 7. cxd4 f6 8. Nf4 Bb4+ 9. Bd2 Bxd2+ 10. Qxd2 Qe7 11. Nf3 fxe5 12. dxe5 Nc6 13. Nd3 O-O 14. Be2 b6 15. O-O Bb7 16. b4 Ba6 17. Rac1 Rac8 18. Rfe1 Bxd3 19. Bxd3 Nxb4 20. Bb1 Nc6 21. Rc3 g6 22. Ng5 Ncxe5 23. Rh3 h5 24. f4 Qc5+ 25. Kh1 Ng4 26. Rf3 Rf6 27. h3 Nh6 28. Nxe6 Qa5 29. Qe3 Re8 30. f5 d4 31. Qc1 Nxf5 32. Ref1 Rexe6 33. Bxf5 gxf5 34. Rg3+ Rg6 35. Qc4 Kh7 36. Rxg6 Rxg6 37. Qf7+ Rg7 38. Qxh5+ Kg8 39. Rxf5 Qe1+ 0-1

[Event "106th British-ch 2019"]
[Site "Torquay"]
[Date "2019.08.02"]
[Round "7.11"]
[White "Pigott, John C"]
[Black "Rudd, Jack"]
[Result "0-1"]
[ECO "E63"]
[WhiteElo "2384"]
[BlackElo "2275"]
[Annotator "NA"]
[PlyCount "98"]
[EventDate "2019.07.27"]
[EventType "swiss"]
[EventCountry "GBR"]
[SourceTitle "playchess.com"]
[Source "ChessBase"]
[SourceQuality "1"]
[TimeControl "40/5400+30:1800+30"]

1. c4 Nf6 2. g3 g6 3. Bg2 Bg7 4. Nc3 O-O 5. d4 d6 6. Nf3 Nc6 7. O-O a6 8. b3 Rb8 9. d5 Na5 10. Bg5 c5 11. dxc6 bxc6 12. c5 d5 13. Bf4 Rb7 14. Be5 Re8 15. Qd4 Nh5 16. Bxg7 Nxg7 17. e4 Ne6 18. Qd1 d4 19. Na4 Rb5 20. Rc1 Qd7 21. Ne5 Qc7 22. Nd3 Rd8 23. Qd2 Nb7 24. Rfd1 f6 25. f4 Ng7 26. e5 Nf5 27. Re1 Ne3 28. Bf3 Bf5 29. exf6 exf6 30. Nb4 Na5 31. Nxa6 Qc8 32. Nb6 Qxa6 33. Rxe3 Rxc5 34. Rxc5 Qxb6 35. Qxa5 Qxa5 36. Rxa5 dxe3 37. Rc5 Be4 38. Be2 Rd2 39. Kf1 Rxa2 40. Rc1 Rb2 41. Bc4+ Bd5 42. Rc3 Rxh2 43. Bxd5+ cxd5 44. Rxe3 Kf7 45. Ke1 h5 46. Kd1 h4 47. gxh4 Rxh4 48. f5 Rd4+ 49. Kc2 g5 0-1

[Event "106th British-ch 2019"]
[Site "Torquay"]
[Date "2019.08.02"]
[Round "7.12"]
[White "Bates, Richard A"]
[Black "Storey, Charles H"]
[Result "1/2-1/2"]
[ECO "A40"]
[WhiteElo "2352"]
[BlackElo "2261"]
[Annotator "NA"]
[PlyCount "57"]
[EventDate "2019.07.27"]
[EventType "swiss"]
[EventCountry "GBR"]
[SourceTitle "playchess.com"]
[Source "ChessBase"]
[SourceQuality "1"]
[TimeControl "40/5400+30:1800+30"]

1. d4 g6 2. Nf3 Bg7 3. g3 c5 4. d5 b5 5. e4 Nf6 6. e5 Ng4 7. Qe2 b4 8. c4 O-O 9. h3 Nh6 10. Bg2 d6 11. O-O Nf5 12. Bf4 Nd7 13. exd6 Nxd6 14. a3 Rb8 15. axb4 Rxb4 16. Rxa7 Nxc4 17. b3 Qb6 18. Ra4 Rxb3 19. Rxc4 Rxb1 20. Rxb1 Qxb1+ 21. Rc1 Qb3 22. Qxe7 Qxd5 23. Ne5 Qd4 24. Nxd7 Qxd7 25. Qxd7 Bxd7 26. Rxc5 Re8 27. Be3 Be5 28. Kh2 h5 29. h4 1/2-1/2

[Event "106th British-ch 2019"]
[Site "Torquay"]
[Date "2019.08.02"]
[Round "7.13"]
[White "Smith, Andrew Philip"]
[Black "Willow, Jonah B"]
[Result "0-1"]
[ECO "C02"]
[WhiteElo "2147"]
[BlackElo "2343"]
[Annotator "NA"]
[PlyCount "62"]
[EventDate "2019.07.27"]
[EventType "swiss"]
[EventCountry "GBR"]
[SourceTitle "playchess.com"]
[Source "ChessBase"]
[SourceQuality "1"]
[TimeControl "40/5400+30:1800+30"]

1. e4 e6 2. d4 d5 3. e5 c5 4. Nf3 Nc6 5. Bd3 cxd4 6. O-O Nge7 7. Bf4 Ng6 8. Bg3 Be7 9. Re1 Bd7 10. Nbd2 Nb4 11. Bf1 d3 12. cxd3 Rc8 13. Rc1 Rxc1 14. Qxc1 Bb5 15. a3 Nc6 16. d4 Bxf1 17. Nxf1 O-O 18. Qd2 Qb6 19. h4 h5 20. Rd1 Na5 21. Ne3 Rc8 22. Kh2 Qd8 23. Kh3 Nc4 24. Nxc4 Rxc4 25. Qd3 Qb6 26. Rd2 Rc1 27. Rc2 Rh1+ 28. Nh2 Bxh4 29. Rc8+ Bd8 30. Qe3 Nf8 31. Qf4 g5 0-1

[Event "106th British-ch 2019"]
[Site "Torquay"]
[Date "2019.08.02"]
[Round "7.15"]
[White "Pein, Malcolm"]
[Black "Holland, Chris Kd"]
[Result "1-0"]
[ECO "E69"]
[WhiteElo "2312"]
[BlackElo "2143"]
[Annotator "NA"]
[PlyCount "51"]
[EventDate "2019.07.27"]
[EventType "swiss"]
[EventCountry "GBR"]
[SourceTitle "playchess.com"]
[Source "ChessBase"]
[SourceQuality "1"]
[TimeControl "40/5400+30:1800+30"]

1. d4 Nf6 2. c4 g6 3. Nf3 Bg7 4. g3 O-O 5. Bg2 d6 6. O-O c6 7. Nc3 Qa5 8. e4 e5 9. h3 Nbd7 10. Re1 Qb4 11. Bf1 exd4 12. Nxd4 Qb6 13. Be3 Qc7 14. Bg2 Re8 15. Qc2 Nc5 16. Rad1 Be6 17. b4 Ncd7 18. Nxe6 Rxe6 19. f4 Rae8 20. Bf2 Nb6 21. c5 dxc5 22. bxc5 Nc8 23. e5 Nd7 24. Ne4 R6e7 25. g4 Nf8 26. Nd6 1-0

[Event "106th British-ch 2019"]
[Site "Torquay"]
[Date "2019.08.02"]
[Round "7.16"]
[White "Claridge-Hansen, William"]
[Black "Crickmore, Neil Eg"]
[Result "1/2-1/2"]
[ECO "A37"]
[WhiteElo "2297"]
[BlackElo "2187"]
[Annotator "NA"]
[PlyCount "58"]
[EventDate "2019.07.27"]
[EventType "swiss"]
[EventCountry "GBR"]
[SourceTitle "playchess.com"]
[Source "ChessBase"]
[SourceQuality "1"]
[TimeControl "40/5400+30:1800+30"]

1. c4 c5 2. g3 Nc6 3. Bg2 g6 4. Nc3 Bg7 5. Nf3 e6 6. d4 cxd4 7. Nb5 d5 8. cxd5 Qa5+ 9. Nd2 Qxb5 10. dxc6 Ne7 11. a4 Qb6 12. Nc4 Qb4+ 13. Bd2 Qxc4 14. cxb7 Bxb7 15. Bxb7 Rb8 16. Rc1 Qa2 17. Ba6 O-O 18. b4 Qa3 19. O-O Nd5 20. Ra1 Qb2 21. Rb1 Qa2 22. Bd3 Nc3 23. Bxc3 dxc3 24. Qb3 Qxb3 25. Rxb3 Rfc8 26. b5 f5 27. Rc1 Kf7 28. Kg2 Ke7 29. h3 Kd6 1/2-1/2

[Event "106th British-ch 2019"]
[Site "Torquay"]
[Date "2019.08.02"]
[Round "7.17"]
[White "Stoyanov, Viktor"]
[Black "Zapolskis, Antanas"]
[Result "1/2-1/2"]
[ECO "C01"]
[WhiteElo "2198"]
[BlackElo "2290"]
[Annotator "NA"]
[PlyCount "137"]
[EventDate "2019.07.27"]
[EventType "swiss"]
[EventCountry "GBR"]
[SourceTitle "playchess.com"]
[Source "ChessBase"]
[SourceQuality "1"]
[TimeControl "40/5400+30:1800+30"]

1. d4 b5 2. e4 a6 3. Bd3 e6 4. Nf3 c5 5. c3 d6 6. O-O Nf6 7. Re1 Be7 8. a4 cxd4 9. cxd4 b4 10. a5 O-O 11. Nbd2 Bb7 12. Nb3 Nbd7 13. Bd2 d5 14. e5 Ne4 15. Be3 f6 16. exf6 gxf6 17. Rc1 Kh8 18. Qc2 Rc8 19. Qe2 Nb8 20. Bf4 Bd6 21. Rxc8 Bxc8 22. Bxd6 Nxd6 23. Rc1 Re8 24. Qd2 e5 25. dxe5 fxe5 26. Bf1 Nc4 27. Qxb4 Nc6 28. Qc5 Bb7 29. Bxc4 dxc4 30. Qxc4 Nxa5 31. Nxa5 Bxf3 32. gxf3 Qxa5 33. Qc6 Qd8 34. Kh1 Rg8 35. Rg1 Rxg1+ 36. Kxg1 a5 37. Qc3 Qd5 38. f4 Qd1+ 39. Kg2 Qg4+ 40. Qg3 Qe2 41. fxe5 Qxb2 42. Qf3 Qb4 43. e6 Qe7 44. Qa8+ Kg7 45. Qxa5 Qxe6 46. Qg5+ Kf7 47. Kg3 Qe1 48. Qf5+ Kg7 49. Kg2 Qa1 50. h4 Qa8+ 51. Kh3 Qc6 52. Qe5+ Kf7 53. Kg3 Qh1 54. Qf5+ Kg7 55. Qg4+ Kh8 56. Qf3 Qg1+ 57. Kh3 Qf1+ 58. Kh2 Kg7 59. Qg2+ Qxg2+ 60. Kxg2 Kf6 61. Kh3 h5 62. Kg2 Ke5 63. Kg3 Ke4 64. f4 Kd5 65. Kf3 Kd4 66. f5 Ke5 67. f6 Kxf6 68. Kf4 Kg6 69. Ke5 1/2-1/2

[Event "106th British-ch 2019"]
[Site "Torquay"]
[Date "2019.08.02"]
[Round "7.18"]
[White "Brewer, Callum D"]
[Black "Merriman, John"]
[Result "1-0"]
[ECO "C03"]
[WhiteElo "2086"]
[BlackElo "2226"]
[Annotator "NA"]
[PlyCount "57"]
[EventDate "2019.07.27"]
[EventType "swiss"]
[EventCountry "GBR"]
[SourceTitle "playchess.com"]
[Source "ChessBase"]
[SourceQuality "1"]
[TimeControl "40/5400+30:1800+30"]

1. e4 e6 2. d4 d5 3. Nd2 Be7 4. e5 c5 5. c3 Nc6 6. Ndf3 cxd4 7. cxd4 Bb4+ 8. Bd2 Bxd2+ 9. Qxd2 Bd7 10. Bd3 Nge7 11. Ne2 O-O 12. Ng5 h6 13. Nh7 Re8 14. Nf6+ gxf6 15. Qxh6 Nf5 16. Bxf5 exf5 17. exf6 Rxe2+ 18. Kxe2 Nxd4+ 19. Kd1 Ne6 20. Re1 Qf8 21. Qh4 d4 22. Re5 Rc8 23. Rxf5 Ba4+ 24. b3 Qb4 25. Qg3+ Kf8 26. Rh5 Ke8 27. Rh8+ Nf8 28. Qe5+ Kd7 29. Qd5+ 1-0

[Event "106th British-ch 2019"]
[Site "Torquay"]
[Date "2019.08.02"]
[Round "7.19"]
[White "Ogunshola, Olugbemiga (Ben)"]
[Black "Modi, Shyam Jagdish"]
[Result "1-0"]
[ECO "A24"]
[WhiteElo "2172"]
[BlackElo "2098"]
[Annotator "NA"]
[PlyCount "85"]
[EventDate "2019.07.27"]
[EventType "swiss"]
[EventCountry "GBR"]
[SourceTitle "playchess.com"]
[Source "ChessBase"]
[SourceQuality "1"]
[TimeControl "40/5400+30:1800+30"]

1. c4 g6 2. g3 Bg7 3. Bg2 Nf6 4. Nf3 O-O 5. Nc3 d6 6. O-O e5 7. d3 h6 8. Rb1 a5 9. a3 Re8 10. e4 Nc6 11. Nd5 Be6 12. Bd2 Kh7 13. Nh4 Nd4 14. Ne3 c6 15. f3 d5 16. cxd5 cxd5 17. Qe1 dxe4 18. dxe4 a4 19. Kh1 Rc8 20. Bc3 Qb6 21. f4 exf4 22. gxf4 Bc4 23. Nxc4 Rxc4 24. e5 Nf5 25. Nxf5 gxf5 26. Qe2 Rc7 27. Qc2 Ng4 28. Qxf5+ Qg6 29. Qxg6+ fxg6 30. Rbe1 h5 31. Bh3 Nh6 32. Re4 b5 33. Rd1 Nf5 34. Bxf5 gxf5 35. Red4 Ree7 36. Kg2 Bh6 37. Kf3 Kg6 38. Rd6+ Kh7 39. Rf6 Rf7 40. Rxf7+ Rxf7 41. e6 Re7 42. Rd7 Bf8 43. Bb4 1-0